 Dungeon Crawl Stone Soup version 0.22-a0-422-g9628fc8 (webtiles) character file.

109 Borgoz the Skirmisher (level 4, -8/29 HPs)
             Began as a Gargoyle Abyssal Knight on May 16, 2018.
             Was a Follower of Lugonu.
             Mangled by Sigmund
             ... wielding a +0 scythe
              (10 damage)
             ... on level 3 of the Dungeon.
             The game lasted 00:02:37 (1990 turns).

Borgoz the Skirmisher (Gargoyle Abyssal Knight)     Turns: 1990, Time: 00:02:38

Health: -8/29      AC:  6    Str: 16    XL:     4   Next: 89%
Magic:  5/5        EV: 12    Int: 12    God:    Lugonu [*.....]
Gold:   79         SH:  0    Dex: 10    Spells: 3/3 levels left

rFire    . . .     SeeInvis .   a - +1 hand axe
rCold    . . .     Gourm    .   (no shield)
rNeg     + . .     Faith    .   i - +0 leather armour
rPois    ∞         Spirit   .   (no helmet)
rElec    +         Reflect  .   (no cloak)
rCorr    .         Harm     .   (no gloves)
MR       .....                  (no boots)
Stlth    +.........             (no amulet)
HPRegen  0.09/turn              (no ring)
MPRegen  0.09/turn              (no ring)

@: no status effects
A: negative energy resistance 1, electricity resistance, unbreathing,
petrification resistance, rot immunity, AC +3
a: Depart the Abyss, Renounce Religion


You were on level 3 of the Dungeon.
You worshipped Lugonu.
Lugonu was aware of your devotion.
You were not hungry.

You visited 1 branch of the dungeon, and saw 3 of its levels.
You visited the Abyss 1 time.

You collected 79 gold pieces.

Inventory:

Hand Weapons
 a - a +1 hand axe (weapon)
 b - a +1 whip of electrocution
Armour
 i - a +0 leather armour (worn)
Scrolls
 d - a scroll of enchant weapon {unknown}
 g - a scroll of remove curse {unknown}
 j - 3 scrolls of identify {unknown}
 k - a scroll of fog {unknown}
 l - a scroll of teleportation {unknown}
Potions
 e - a potion of lignification {unknown}
 f - a potion of berserk rage {unknown}
 h - a potion of degeneration {unknown}
 m - a potion of curing {unknown}
Comestibles
 c - 7 rations


   Skills:
 + Level 3.7 Fighting
 * Level 2.7 Axes
 + Level 2.9 Armour
 * Level 2.0 Dodging
 + Level 2.6 Invocations


You had 3 spell levels left.
You didn't know any spells.
Your spell library was empty.

Dungeon Overview and Level Annotations

Branches:
Dungeon (3/15)

Altars:

Annotations:
D:3 Sigmund


Innate Abilities, Weirdness & Mutations

You are resistant to torment.
Your stone body is resilient. (AC +3)
You are immune to poison.
You resist negative energy. (rN+)
You are resistant to electric shocks. (rElec)
You can survive without breathing.
You are immune to petrification.
You are immune to rotting.


Message History

Something hits you but does no damage.
A puff of flame appears from out of thin air!
The puff of flame hits you!
Something tries to affect you, but you resist.
You are confused.
There is a stone staircase leading up here.
In your confused state, you trip and fall back down the stairs.
Something tries to affect you, but you resist.
You are too confused!
You feel less confused. Something hits you.
You hit something.
You hear some strange, mumbled words.
A magic dart appears from out of thin air!
The magic dart hits you!
You hit something. Something hits you!
You hit something. Something hits you!
* * * LOW HITPOINT WARNING * * *
Something hits you!
You die...

... .. .#.##
###.##.##########....#
......................
#.....## #........
#..†.######........
##.................
##########....###........
..........{......).......
######<@........#####.##
#......###..# .# #......#
##.# # ...........# ...
#####......# ## #......#
#......# #.......#
#######.#


There were no monsters in sight!

Vanquished Creatures
  A worker ant (D:2)
  2 adders (D:2)
  A worm (D:2)
  3 dart slugs
  2 leopard geckos
  4 bats
  4 giant cockroaches
  10 goblins
  5 hobgoblins
  6 jackals
  2 kobolds
  A ball python (D:2)
  4 frilled lizards
  8 rats
53 creatures vanquished.

Notes
Turn   | Place    | Note
-------+----------+-------------------------------------------
     0 | Abyss:1  | Borgoz the Gargoyle Abyssal Knight began the quest for the Orb.
     0 | Abyss:1  | Reached XP level 1. HP: 14/14 MP: 2/2
    27 | Abyss:1  | Noticed a neqoxec
    29 | D:1      | Escaped the Abyss
   107 | D:1      | Reached skill level 1 in Dodging
   115 | D:1      | Reached XP level 2. HP: 7/19 MP: 3/3
   116 | D:1      | Reached * piety under Lugonu
   587 | D:1      | Reached XP level 3. HP: 17/23 MP: 4/4
  1409 | D:2      | Reached XP level 4. HP: 28/28 MP: 5/5
  1962 | D:3      | Noticed Sigmund
  1990 | D:3      | Mangled by Sigmund

Vault maps used:
D:1:      dpeg_arrival_shrine
D:2:      nicolae_overflow_hidden_temple, kennysheep_generic_room_3
D:3:      elyvilon_altar_1, minitemple, first_ration, wad_orctagon,
          uniq_sigmund, uniq_jessica

Skill      XL: |  1  2  3  4 |
---------------+-------------+-----
Axes           | 2 |  2.7
Dodging        | 1 2 |  2.0
Fighting       | |  3.7
Armour         | |  2.9
Invocations    | |  2.6

Action                   |  1- 3 |  4- 6 || total
-------------------------+-------+-------++-------
Melee: Hand axe          |    97 |    84 ||   181
Invok: Depart the Abyss  |     1 |       ||     1
  Eat: Chunk             |     2 |     2 ||     4
Armor: Leather armour    |    39 |    45 ||    84
Dodge: Dodged            |    52 |    59 ||   111

Table legend:
 A = Spawn XP
 B = Non-spawn XP
 C = Spawn XP percentage of total XP
 D = Spawn monster count
 E = Non-spawn monster count
 F = Spawn count percentage of total count
 G = Total turns spent on level
                    A         B        C        D         E        F      G
               +---------+---------+-------+---------+---------+-------+---------
         Total |       0 |     156 |   0.0 |       0 |      53 |   0.0 |  1990
               +---------+---------+-------+---------+---------+-------+---------
           D:1 |       0 |      52 |   0.0 |       0 |      27 |   0.0 |  1138
           D:2 |       0 |     101 |   0.0 |       0 |      24 |   0.0 |   770
           D:3 |       0 |       3 |   0.0 |       0 |       2 |   0.0 |    53
               +---------+---------+-------+---------+---------+-------+---------
